 Dungeon Crawl Stone Soup version 0.28-a0-94-g325244837d (webtiles) character file.

Game seed: 2198646308278776809

0 Gargoyl the Skirmisher (level 1, -4/21 (23) HPs)
             Began as a Gnoll Abyssal Knight on Aug 7, 2021.
             Was a Follower of Lugonu.
             Slain by an apocalypse crab (12 damage)
             ... on level 1 of the Abyss.
             The game lasted 00:00:40 (65 turns).

Gargoyl the Skirmisher (Gnoll Abyssal Knight)         Turns: 65, Time: 00:00:41

HP:   -4/21 (23)    AC:  3    Str: 11    XL:     1   Next: 0%
MP:   3/3           EV: 11    Int: 11    God:    Lugonu [*.....]
Gold: 10            SH:  0    Dex: 11    Spells: 0/0 levels left

rFire   . . .      SeeInvis .   a - +1 hand axe
rCold   . . .      Faith    .   (no shield)
rNeg    . . .      Spirit   .   b - +0 leather armour
rPois   .          Reflect  .   (no helmet)
rElec   .          Harm     .   (no cloak)
rCorr   .          Rampage  .   (no gloves)
Will    .....                   (no boots)
Stlth   +.........              (no amulet)
HPRegen 0.07/turn               (no ring)
MPRegen 0.08/turn               (no ring)

@: mighty, drained
A: fangs 1, strong nose, distributed training
a: Renounce Religion, Depart the Abyss


You were on level 1 of the Abyss.
You worshipped Lugonu.
Lugonu was aware of your devotion.
You visited 0 branches of the dungeon, and saw 0 of its levels.
You visited the Abyss 1 time.

You collected 10 gold pieces.

Inventory:

Hand Weapons
 a - a +1 hand axe (weapon)
Armour
 b - a +0 leather armour (worn)


   Skills:
 + Level 6.4 Fighting
 + Level 0.0 Short Blades
 + Level 0.0 Long Blades
 + Level 4.4 Axes
 + Level 0.0 Maces & Flails
 + Level 0.0 Polearms
 + Level 0.0 Staves
 + Level 0.0 Slings
 + Level 0.0 Bows
 + Level 0.0 Crossbows
 + Level 0.0 Throwing
 + Level 4.4 Armour
 + Level 2.3 Dodging
 + Level 0.0 Stealth
 + Level 0.0 Shields
 + Level 0.0 Unarmed Combat
 + Level 0.0 Spellcasting
 + Level 0.0 Conjurations
 + Level 0.0 Hexes
 + Level 0.0 Summonings
 + Level 0.0 Necromancy
 + Level 0.0 Translocations
 + Level 0.0 Transmutations
 + Level 0.0 Fire Magic
 + Level 0.0 Ice Magic
 + Level 0.0 Air Magic
 + Level 0.0 Earth Magic
 + Level 0.0 Poison Magic
 + Level 4.4 Invocations
 + Level 0.0 Evocations


You couldn't memorise any spells.
You didn't know any spells.
Your spell library was empty.

Dungeon Overview and Level Annotations

Branches:
Dungeon (0/15)

Altars:


Innate Abilities, Weirdness & Mutations

You have very sharp teeth.
Your uncanny sense of smell can sniff out nearby items.
Your experience applies equally to all skills.


Message History

Welcome, Gargoyl the Gnoll Abyssal Knight.
Will you prevail where others failed? Will you find the Orb of Zot?
Lugonu says: Depart the Abyss and spread corruption, my servant! (use the ability menu to exit the Abyss) Press ? for a list of commands and other information.
Found a corrupted altar of Lugonu.
Found a corrupted altar of Lugonu.
Found a gateway leading out of the Abyss.
You now have 10 gold pieces.
An apocalypse crab punctures the fabric of the universe.
Tentacles burst from the starspawn's body! 2 starspawn tentacles come into view.
The apocalypse crab breathes chaos at you.
The blast of chaos engulfs you.
You feel drained.
You are engulfed in seething chaos.
You feel very mighty all of a sudden.
Tentacles burst from the starspawn's body! 2 starspawn tentacles come into view.
The starspawn tentacle grabs you. The starspawn tentacle constricts you.
You escape the starspawn tentacle's grasp.
You hit the starspawn tentacle.
The starspawn tentacle is lightly damaged.
The starspawn tentacle grabs you. The starspawn tentacle constricts you.
The starspawn tentacle loses its grip on you.
The tentacle pulls you backwards!
Unknown command.
You hit the starspawn tentacle. You bite the starspawn tentacle!
The starspawn tentacle is heavily damaged.
The starspawn tentacle grabs you. The starspawn tentacle constricts you.
The starspawn tentacle loses its grip on you.
The tentacle pulls you backwards!
The starspawn tentacle closely misses you.
Unknown command.
You hit the apocalypse crab but do no damage.
You hit the starspawn tentacle but do no damage.
You slash the starspawn tentacle!
You destroy the starspawn tentacle!
The apocalypse crab bites you!
Ouch! That really hurt!
You die...

≈...#.#.##..#
.#..... ..## .
#.. .##.#.#.# .##
# .. #..#..###..
##....#..#.....#
#...#.§#.##....##
..###..#...#.──..
..###.#...X##.# #
....#..@t.# . . .
#..#..#w## ..
###.####│# #
.......│#
.#..#.#.V #.
#..#.# # . .# ..
#. .. #


You could see a tentacled starspawn, an apocalypse crab and a starspawn
tentacle.

Vanquished Creatures
  A starspawn tentacle (Abyss:1)
1 creature vanquished.

Vanquished Creatures (others)
  2 starspawn tentacles (Abyss:1)
2 creatures vanquished.

Grand Total: 3 creatures vanquished

Notes
Turn   | Place    | Note
-------+----------+-------------------------------------------
     0 | Abyss:1  | Gargoyl the Gnoll Abyssal Knight began the quest for the
                  | Orb.
     0 | Abyss:1  | Reached XP level 1. HP: 23/23 MP: 3/3
     3 | Abyss:1  | Found a corrupted altar of Lugonu.
    51 | Abyss:1  | Noticed an apocalypse crab
    51 | Abyss:1  | Noticed a tentacled starspawn
    65 | Abyss:1  | Slain by an apocalypse crab

Illustrated notes

Levels and vault maps discovered:
Abyss:1:  base: Temple, base:
Temple

Action                   || total
-------------------------++-------
Melee: Hand axe          ||     3
       Bite              ||     1
Dodge: Dodged            ||     1

Table legend: (Time is in decaauts)
 A = Elapsed time spent in this place.
 B = Non-inter-level travel time spent in this place.
 C = Inter-level travel time spent in this place.
 D = Time resting spent in this place.
 E = Time spent auto-exploring this place.
 F = Levels seen in this place.
 G = Mean time per level.
                   A        B        C        D        E       F      G
               +--------+--------+--------+--------+--------+-----+--------+
         Total |     65 |     65 |      0 |      0 |     51 |   1 |   65.0 |
         Abyss |     65 |     65 |      0 |      0 |     51 |   1 |   65.0 |
               +--------+--------+--------+--------+--------+-----+--------+

Top non-repeatable levels by time:
 Abyss:1: 65 daAuts
